 Dungeon Crawl Stone Soup version 0.27.0-1-g7a089689b8 (webtiles) character file.

Game seed: 7239369358216469043

38 Spaninq the Shooter (level 3, -2/21 HPs)
             Began as a Deep Elf Hunter on Aug 4, 2021.
             Slain by a quokka (4 damage)
             ... on level 1 of the Dungeon.
             The game lasted 00:02:48 (1552 turns).

Spaninq the Shooter (Deep Elf Hunter)               Turns: 1552, Time: 00:02:49

Health: -2/21      AC:  3    Str: 10    XL:     3   Next: 25%
Magic:  5/5        EV: 12    Int: 15    God:
Gold:   42         SH:  0    Dex: 15    Spells: 2/2 levels left

rFire    . . .     SeeInvis .   h - +1 dagger (protect)
rCold    . . .     Faith    .   (no shield)
rNeg     . . .     Spirit   .   c - +0 leather armour
rPois    .         Reflect  .   (no helmet)
rElec    .         Harm     .   (no cloak)
rCorr    .         Rampage  .   (no gloves)
Will     .....                  (no boots)
Stlth    ++........             (no amulet)
HPRegen  0.07/turn              (no ring)
MPRegen  0.09/turn              (no ring)

@: no status effects
A: no striking features
a: no special abilities


You were on level 1 of the Dungeon.
You visited 1 branch of the dungeon, and saw 2 of its levels.

You collected 42 gold pieces.

Inventory:

Hand Weapons
 a - a +1 shortbow
 b - a +0 short sword
 h - a +1 dagger of protection (weapon)
Missiles
 d - 32 arrows
Armour
 c - a +0 leather armour (worn)
Potions
 f - a potion of lignification {unknown}
 g - a potion of mutation {unknown}


   Skills:
 + Level 2.0 Fighting
 * Level 6.1 Bows
 + Level 3.0 Dodging
 - Level 1.2 Stealth


You had 2 spell levels left.
You didn't know any spells.
Your spell library contained the following spells:

 Spells                   Type           Power      Damage    Failure   Level
 Summon Guardian Golem    Hex/Summ       0%         N/A       73%         3
 Orb of Destruction       Conj           0%         N/A       100%        7
 Spellforged Servitor     Conj/Summ      0%         N/A       100%        7


Dungeon Overview and Level Annotations

Branches:
Dungeon (2/15)

Altars:
The Shining One

Annotations:
D:2 Terence


Message History

The quokka barely misses you.
You hit the kobold but do no damage.
Your weapon exudes an aura of protection.
The kobold barely misses you. The quokka closely misses you.
You hit the kobold but do no damage. The quokka closely misses you.
The kobold hits you but does no damage.
You hear a zap.
You hear a grinding noise.
You hit the kobold but do no damage. The quokka bites you.
The kobold hits you with a +0 whip.
You closely miss the kobold.
The quokka bites you but does no damage.
The kobold barely misses you. The quokka bites you.
* * * LOW HITPOINT WARNING * * *
You hit the kobold.
The kobold is severely wounded.
The kobold closely misses you.
The quokka bites you but does no damage.
The kobold closely misses you.
There is a stone staircase leading up here.
The quokka bites you.
* * * LOW HITPOINT WARNING * * *
The kobold hits you with a +0 whip.
* * * LOW HITPOINT WARNING * * *
You climb upwards.
There is a stone staircase leading down here.
You hit the kobold.
Your weapon exudes an aura of protection.
You kill the kobold!
The quokka closely misses you.
The quokka bites you but does no damage.
The quokka closely misses you.
Things that are here:
a +0 whip; 4 stones; a staff of poison You closely miss the quokka.
The quokka is moderately wounded.
The quokka closely misses you.
Your leather armour prevents you from hitting the quokka.
The quokka is moderately wounded.
The quokka bites you.
You die...

##################
..........).....>#
##.#############)#
#.# #r# ##.# #@#
...# #.# ...# #.#
...# #.# ...# #.#
...# #.# ...#
###.# ...# #...#
...# #...#


You could see a quokka.

Vanquished Creatures
  A dart slug (D:1)
  3 bats (D:1)
  6 endoplasms
  A giant cockroach (D:1)
  2 goblins (D:1)
  4 hobgoblins (D:1)
  4 kobolds (D:1)
  2 quokkas (D:1)
  3 ball pythons (D:1)
  3 frilled lizards
  A rat (D:1)
30 creatures vanquished.

Notes
Turn   | Place    | Note
-------+----------+-------------------------------------------
     0 | D:1      | Spaninq the Deep Elf Hunter began the quest for the Orb.
     0 | D:1      | Reached XP level 1. HP: 12/12 MP: 3/3
   303 | D:1      | Reached XP level 2. HP: 10/17 MP: 4/4
  1016 | D:1      | Reached skill level 6 in Bows
  1020 | D:1      | Reached XP level 3. HP: 14/21 MP: 5/5
  1456 | D:2      | Found a glowing golden altar of the Shining One.
  1459 | D:2      | Noticed Terence
  1552 | D:1      | Slain by a quokka

Illustrated notes

Levels and vault maps discovered:
D:1:      erik_arrival_orb_chamber, layout_basic
D:2:      layout_rooms, serial_shops, shop, basic_altar,
          chequers_serial_rivers_small_a, grunt_ministairs_14, uniq_terence

Skill      XL: |  1  2 |
---------------+-------+-----
Fighting       | 2 |  2.0
Bows           | 6 |  6.1
Dodging        | 3 |  3.0
Stealth        | |  1.2

Action                   || total
-------------------------++-------
Melee: Falchion          ||    51
       Dagger            ||    64
 Fire: Shortbow          ||     3
 Stab: Sleeping          ||     3
Armor: Leather armour    ||    30
Dodge: Dodged            ||    72
       Rpst.: Falchion   ||    14
